 Dungeon Crawl Stone Soup version 0.28-a0-769-g550dbda0cd (webtiles) character file.

Game seed: 16675327782681228683

1797 Megalobster the Cleaver (level 8, -13/96 HPs)
             Began as a Minotaur Berserker on Oct 31, 2021.
             Was a Priest of Trog.
             Mangled by a two-headed ogre (20 damage)
             ... on level 6 of the Dungeon.
             The game lasted 00:09:49 (6255 turns).

Megalobster the Cleaver (Minotaur Berserker)        Turns: 6255, Time: 00:09:50

Health: -13/96     AC:  8    Str: 24    XL:     8   Next: 83%
Magic:  7/7        EV: 11    Int:  4    God:    Trog [***...]
Gold:   202        SH:  0    Dex: 10    Spells: 7/7 levels left

rFire   . . .      SeeInvis +   a - +0 war axe
rCold   . . .      Faith    .   (no shield)
rNeg    . . .      Spirit   .   s - +0 leather armour
rPois   .          Reflect  .   (helmet restricted)
rElec   .          Harm     .   D - +0 cloak
rCorr   .          Rampage  .   (no gloves)
Will    ++...                   (no boots)
Stlth   ..........              (no amulet)
HPRegen 1.26/turn               y - ring of see invisible
MPRegen 0.10/turn               t - +4 ring of protection

@: berserking (expiring), strong-willed, regenerating, very quick
A: horns 2, retaliatory headbutt
a: Renounce Religion, Berserk, Trog's Hand


You were on level 6 of the Dungeon.
You worshipped Trog.
Trog was most pleased with you.
You visited 1 branch of the dungeon, and saw 6 of its levels.
You also visited: Sewer.

You collected 202 gold pieces.

Inventory:

Hand Weapons
 a - a +0 war axe (weapon)
 q - a +0 hand axe
 C - a +4 quarterstaff of chaos
 F - a +0 whip of flaming
Missiles
 d - 180 stones (quivered)
Armour
 b - a +0 animal skin
 s - a +0 leather armour (worn)
 D - a +0 cloak (worn)
 H - a +0 ring mail
Jewellery
 j - a ring of magical power
 t - a +4 ring of protection (right hand)
 y - a ring of see invisible (left hand)
Wands
 E - a wand of polymorph (8)
Scrolls
 c - a scroll of blinking
 e - a scroll of silence {unknown}
 f - 2 scrolls of immolation
 g - 2 scrolls of teleportation
 i - a scroll of noise {unknown}
 m - a scroll of enchant armour {unknown}
 o - 3 scrolls of amnesia
 p - a scroll of brand weapon {unknown}
 v - a scroll of holy word {unknown}
 w - 2 scrolls of fog {unknown}
 x - a scroll of summoning {unknown}
 B - 2 scrolls of identify {@r1}
Potions
 h - 3 potions of haste {unknown}
 k - a potion of berserk rage {unknown}
 l - 2 potions of curing {@q1}
 n - 2 potions of cancellation {unknown}
 r - 2 potions of brilliance {unknown}
 u - 2 potions of lignification {unknown}
 z - a potion of invisibility {unknown}
 A - a potion of might {unknown}
 G - a potion of flight {unknown}


   Skills:
 - Level 3.6 Fighting
 * Level 13.9 Axes
 - Level 2.4 Armour
 - Level 2.1 Dodging


You had 7 spell levels left.
You didn't know any spells.
Your spell library was empty.

Dungeon Overview and Level Annotations

Branches:
Dungeon (6/15)             Temple (0/1) D:5           Sewer (visited)

Altars:
Fedhas
Nemelex Xobeh
Wu Jian


Innate Abilities, Weirdness & Mutations

You have a pair of horns on your head.
You reflexively headbutt those who attack you in melee.


Message History

You see here a +0 hand axe.
Your skin crawls.
You feel strong-willed.
You can no longer call in reinforcements.
You regained 2 hp, and now have 46/64 hp.
Things that are here:
a +0 dagger; a +0 robe
Things that are here:
a +0 dagger; a +0 robe A red film seems to cover your vision as you go berserk!
You feel yourself moving faster!
You feel mighty!
The two-headed ogre hits you with a +0 giant club.
The two-headed ogre hits you but does no damage.
You now have 73/96 hp.
You slash the two-headed ogre!
Your headbutt misses the two-headed ogre.
The two-headed ogre is lightly wounded.
You completely miss the two-headed ogre.
The two-headed ogre is lightly wounded.
You slash the two-headed ogre!
The two-headed ogre is moderately wounded.
The two-headed ogre hits you with a +0 giant club.
The two-headed ogre hits you with a +0 giant club!!
You take 22 damage, and have 52/96 hp.
MASSIVE DAMAGE!!
You closely miss the two-headed ogre.
The two-headed ogre is moderately wounded.
You slash the two-headed ogre! You headbutt the two-headed ogre.
The two-headed ogre is severely wounded.
The two-headed ogre hits you with a +0 giant club!
The two-headed ogre hits you with a +0 giant club!!
* * * LOW HITPOINT WARNING * * *
You take 36 damage, and have 17/96 hp.
MASSIVE DAMAGE!!
You slash the two-headed ogre!
The two-headed ogre is almost dead.
Your leather armour prevents you from hitting the two-headed ogre.
The two-headed ogre is almost dead.
The two-headed ogre hits you with a +0 giant club!
* * * LOW HITPOINT WARNING * * *
The two-headed ogre hits you with a +0 giant club!!
You die...

.........###...
...####.## #...## #.
######.#..### #..
##...........# ...
#.#.#)#.#.#.#.# #
#.##.....).........
.O
##..#.#.#)#.#.#.#.##
#.#.#.....@)........#
#.^.#.#)#O#.#.#.#.#.
##.....)...........
#..#.#.#.#.#.#.#.#.
#....).$.).......
#..#.#.#.#.#.#.#.#.
..................
..#.#.#.#.#.#.#.#.
#... .............


You could see a two-headed ogre.

Vanquished Creatures
  Pikel (D:5)
  Duvessa (D:5)
  A black bear (D:4)
  An ice beast (D:5)
  2 hornet zombies (D:5)
  A centaur (D:5)
  3 lemures (D:5)
  A bullfrog (D:6)
  2 scorpions
  Dowan (D:5)
  4 orc priests
  Crazy Yiuf (D:5)
  An iguana (D:4)
  6 orc wizards
  A hound skeleton (D:4)
  5 adders
  A gnoll (D:6)
  5 river rats (Sewer)
  An adder zombie (D:5)
  A worm (D:4)
  12 orcs
  7 ball pythons
  10 endoplasms
  12 giant cockroaches
  6 goblins
  10 hobgoblins
  5 jackals (D:1)
  8 quokkas
  5 bats
  10 frilled lizards
  5 kobolds
  17 rats
147 creatures vanquished.

Vanquished Creatures (others)
  5 fungi (D:5)
5 creatures vanquished.

Grand Total: 152 creatures vanquished

Notes
Turn   | Place    | Note
-------+----------+-------------------------------------------
     0 | D:1      | Megalobster the Minotaur Berserker began the quest for the
                  | Orb.
     0 | D:1      | Reached XP level 1. HP: 19/19 MP: 0/0
     1 | D:1      | Found a runed translucent door.
    10 | D:1      | Reached skill level 4 in Axes
    15 | D:1      | Reached XP level 2. HP: 25/26 MP: 1/1
   201 | D:1      | Reached skill level 5 in Axes
   250 | D:1      | Reached XP level 3. HP: 31/31 MP: 2/2
   250 | D:1      | Reached ** piety under Trog
   557 | D:1      | Found a faded altar of an unknown god.
  1522 | D:2      | Reached skill level 6 in Axes
  1522 | D:2      | Reached XP level 4. HP: 27/39 MP: 3/3
  2357 | D:3      | Found a blossoming altar of Fedhas.
  2575 | D:3      | Found a sparkling altar of Nemelex Xobeh.
  2704 | D:3      | Found an ornate altar of the Wu Jian Council.
  2902 | D:4      | Reached *** piety under Trog
  2928 | D:4      | Noticed a scorpion
  2932 | D:4      | Killed a scorpion
  2933 | D:4      | Reached skill level 7 in Axes
  2933 | D:4      | Reached XP level 5. HP: 45/45 MP: 4/4
  3148 | D:4      | Noticed a black bear
  3152 | D:4      | Killed a black bear
  3153 | D:4      | Reached skill level 8 in Axes
  3153 | D:4      | Reached XP level 6. HP: 51/51 MP: 5/5
  3366 | D:4      | Reached skill level 9 in Axes
  3618 | D:5      | Entered Level 5 of the Dungeon
  3729 | D:5      | Noticed Pikel
  3776 | D:5      | Found a glowing drain.
  3793 | Sewer    | Entered a sewer
  3849 | Sewer    | Reached XP level 7. HP: 55/57 MP: 6/6
  4202 | D:5      | Reached skill level 10 in Axes
  4833 | D:5      | Reached **** piety under Trog
  4834 | D:5      | Reached skill level 11 in Axes
  4863 | D:5      | Found a runed translucent door.
  4864 | D:5      | Noticed Crazy Yiuf
  4870 | D:5      | Killed Crazy Yiuf
  5310 | D:5      | Found a staircase to the Ecumenical Temple.
  5331 | D:5      | Killed Pikel
  5332 | D:5      | Reached skill level 12 in Axes
  5332 | D:5      | Reached XP level 8. HP: 64/64 MP: 7/7
  5538 | D:5      | Noticed Dowan
  5539 | D:5      | Noticed Duvessa
  5550 | D:5      | Killed Duvessa
  5552 | D:5      | Killed Dowan
  5553 | D:5      | Reached skill level 13 in Axes
  6233 | D:6      | Noticed a two-headed ogre
  6255 | D:6      | Mangled by a two-headed ogre

Illustrated notes

Levels and vault maps discovered:
D:1:      dpeg_arrival_caged_fury, layout_loops_corners,
          hellmonk_ecumenical_altar_crossroads, minmay_heptomino_w4
D:2:      layout_loops_ring, minmay_misc_feat_diagonals
D:3:      layout_rooms, old_standard_altar, nemelex_diamond_rough_becter,
          nzn_wu_jian_council_hall
D:4:      layout_basic
D:5:      layout_basic, minmay_temple_entry_sparse_star, gup_sewer_entry_pipe,
          uniq_crazy_yiuf_cottage, uniq_duvessa, uniq_pikel
D:6:      layout_loops_cross, gammafunk_temple_overflow_statue, serial_shops,
          shop, fountainhead, hex_large, minmay_a_box_with_orc_wizards_in_it,
          uniq_maggie

Skill      XL: |  1  2  3  4  5  6  7  8 |
---------------+-------------------------+-----
Axes           | 4 5 6 7 8 9 12 13 | 13.9
Fighting       | |  3.6
Armour         | |  2.4
Dodging        | |  2.1

Action                   |  1- 3 |  4- 6 |  7- 9 || total
-------------------------+-------+-------+-------++-------
Melee: Hand axe          |    74 |    46 |       ||   120
       Headbutt          |    10 |    21 |    24 ||    55
       War axe           |       |    58 |   137 ||   195
Invok: Berserk           |     2 |     4 |     3 ||     9
       Trog's Hand       |       |       |     2 ||     2
  Use: Scroll            |       |     5 |       ||     5
Armor: Animal skin       |     8 |     7 |       ||    15
       Leather armour    |       |    19 |    30 ||    49
Dodge: Dodged            |    43 |    48 |    73 ||   164

Table legend: (Time is in decaauts)
 A = Elapsed time spent in this place.
 B = Non-inter-level travel time spent in this place.
 C = Inter-level travel time spent in this place.
 D = Time resting spent in this place.
 E = Time spent auto-exploring this place.
 F = Levels seen in this place.
 G = Mean time per level.
                   A        B        C        D        E       F      G
               +--------+--------+--------+--------+--------+-----+--------+
         Total |   6362 |   6215 |    147 |    830 |   4426 |   7 |  908.9 |
       Dungeon |   5926 |   5779 |    147 |    830 |   4198 |   6 |  987.7 |
         Sewer |    435 |    435 |      0 |      0 |    227 |   1 |  435.0 |
               +--------+--------+--------+--------+--------+-----+--------+

Top non-repeatable levels by time:
     D:5: 2134 daAuts
     D:1: 1275 daAuts
     D:2: 1085 daAuts
     D:4: 798 daAuts
     D:3: 504 daAuts
   Sewer: 435 daAuts
     D:6: 128 daAuts
